 Dungeon Crawl Stone Soup version 0.24-b1-1-gac51ba0 (webtiles) character file.

Game seed: 3592659831570996596, levelgen mode: deterministic

86 BoppinsLewinski the Ruffian (level 4, -2/36 HPs)
             Began as a Demigod Gladiator on Oct 14, 2019.
             Killed from afar by Sigmund (4 damage)
             ... with a puff of flame
             ... on level 2 of the Dungeon.
             The game lasted 00:04:57 (2358 turns).

BoppinsLewinski the Ruffian (Demigod Gladiator)     Turns: 2358, Time: 00:04:58

Health: -2/36      AC:  7    Str: 19    XL:     4   Next: 6%
Magic:  6/6        EV: 11    Int: 12    God:
Gold:   16         SH:  0    Dex: 17    Spells: 3/3 levels left

rFire    . . .     SeeInvis .     - Unarmed
rCold    . . .     Gourm    .   (no shield)
rNeg     . . .     Faith    .   h - +0 scale mail
rPois    .         Spirit   .   g - +0 helmet
rElec    .         Reflect  .   (no cloak)
rCorr    .         Harm     .   (no gloves)
MR       .....                  (no boots)
Stlth    ..........             (no amulet)
HPRegen  0.12/turn              (no ring)
MPRegen  0.10/turn              (no ring)

@: no status effects
A: high mp 1
a: no special abilities


You were on level 2 of the Dungeon.
You were not hungry.

You visited 1 branch of the dungeon, and saw 2 of its levels.

You collected 16 gold pieces.

Inventory:

Missiles
 a - 101 stones
 k - 15 poisoned darts (quivered)
Armour
 g - a +0 helmet (worn)
 h - a +0 scale mail (worn)
Scrolls
 b - a scroll of amnesia {unknown}
 c - a scroll of noise {unknown}
 f - 2 scrolls of identify {unknown}
 i - a scroll of enchant weapon {unknown}
 j - a scroll of immolation {unknown}
Potions
 l - a potion of magic {unknown}
Comestibles
 d - 3 rations


   Skills:
 + Level 2.2 Fighting
 + Level 2.3 Throwing
 + Level 1.1 Armour
 + Level 3.1 Dodging
 * Level 3.5 Unarmed Combat


You had 3 spell levels left.
You didn't know any spells.
Your spell library was empty.

Dungeon Overview and Level Annotations

Branches:
Dungeon (2/15)

Annotations:
D:2 Sigmund


Innate Abilities, Weirdness & Mutations

You have an increased reservoir of magic. (+10% MP)


Message History

Sigmund misses ye.
Ye hit Sigmund but do nay damage.
Sigmund be lightly wounded.
Ye barely miss Sigmund.
Sigmund be lightly wounded.
Sigmund mumbles some strange words.
Sigmund flickers an' vanishes!
Deactivatin' autopickup; reactivate wit' Ctrl-A.
Nay target in view!
Nay target in view!
Ye closely miss somethin'.
Somethin' hits ye.
Ye closely miss somethin'.
Ye barely miss somethin'.
Yer punch misses somethin'.
Somethin' hits ye.
Ye hit somethin' but do nay damage.
Somethin' hits ye!
* * * LOW HITPOINT WARNIN'
* * * Ye miss somethin'.
Somethin' hits ye but does nay damage.
A puff o' flame appears from outta thin air!
Tha puff o' flame hits ye.
Ye die...

###................#.
#...........######.#
#...........# .(.....
#.....########.......
##.....###....(.....
#.............(......
#....................
.................####
.......)@........#
.###.............#
#.............#
#...............
#.......%###.....
#........# .....
#(.......# #....
..........# ..
..........#


There were no monsters in sight!

Vanquished Creatures
  4 gnolls
  An adder (D:2)
  An ooze (D:1)
  A ball python (D:1)
  A giant cockroach (D:1)
  7 hobgoblins (D:1)
  5 kobolds
  5 bats (D:1)
  A frilled lizard (D:1)
  6 goblins (D:1)
  3 rats (D:1)
35 creatures vanquished.

Notes
Turn   | Place    | Note
-------+----------+-------------------------------------------
     0 | D:1      | BoppinsLewinski the Demigod Gladiator began the quest for
                  | the Orb.
     0 | D:1      | Reached XP level 1. HP: 17/17 MP: 3/3
   253 | D:1      | Reached XP level 2. HP: 19/24 MP: 4/4
  1143 | D:1      | Reached XP level 3. HP: 29/29 MP: 5/5
  1963 | D:1      | Reached skill level 1 in Armour
  2320 | D:2      | Reached XP level 4. HP: 32/36 MP: 6/6
  2336 | D:2      | Noticed Sigmund
  2352 | D:2      | HP: 1/36 [something (11)]
  2358 | D:2      | Killed from afar by Sigmund

Skill      XL: |  1  2  3 |
---------------+----------+-----
Unarmed Combat | 3 |  3.5
Throwing       | 2 |  2.3
Fighting       | 2 |  2.2
Dodging        | 3 |  3.1
Armour         | 1 |  1.1

Action                   |  1- 3 |  4- 6 || total
-------------------------+-------+-------++-------
Melee: Unarmed           |   168 |     7 ||   175
       Punch             |     1 |       ||     1
Throw: Dart              |    14 |     8 ||    22
       Throwing net      |     3 |       ||     3
       Stone             |     1 |       ||     1
  Use: Potion            |     1 |       ||     1
 Stab: Sleeping          |     1 |       ||     1
  Eat: Chunk             |     2 |       ||     2
       Ration            |     1 |       ||     1
Armor: Leather armour    |    32 |       ||    32
       Scale mail        |    35 |     2 ||    37
Dodge: Dodged            |   127 |     2 ||   129
